 Dungeon Crawl Stone Soup version 0.20-a0-556-g892c87b (webtiles) character file.

26373 TuxedoFelix the Cleaver (level 12, -25/115 HPs)
             Began as a Minotaur Berserker on Feb 4, 2017.
             Was an Elder of Trog.
             Annihilated by an enormous slime creature (61 damage)
             ... on level 12 of the Dungeon.
             The game lasted 01:41:43 (14542 turns).

TuxedoFelix the Cleaver (Minotaur Berserker)       Turns: 14542, Time: 01:41:45

Health: -25/115    AC: 17    Str: 27    XL:     12   Next: 97%
Magic:  3/3        EV:  8    Int:  4    God:    Trog [****..]
Gold:   1012       SH: 13    Dex: 10    Spells: 11/11 levels left

rFire    . . .     SeeInvis .   a - +3 broad axe (antimagic)
rCold    . . .     Gourm    +   I - +0 plate armour
rNeg     + . .     Faith    .   p - +0 shield
rPois    +         Spirit   .   (helmet unavailable)
rElec    .         Reflect  .   m - +0 cloak
rCorr    .         Harm     .   (no gloves)
MR       .....                  (no boots)
Stlth    ..........             l - amulet of the gourmand
Regen    0.3/turn               U - ring of positive energy
                                y - ring of poison resistance

@: exhausted, slowed, very slow
A: retaliatory headbutt, horns 3
a: Berserk, Trog's Hand, Brothers in Arms, Burn Spellbooks, Renounce Religion


You were on level 12 of the Dungeon.
You worshipped Trog.
Trog was greatly pleased with you.
You were very full.

You visited 1 branch of the dungeon, and saw 12 of its levels.

You collected 1012 gold pieces.

Inventory:

Hand Weapons
 a - a +3 antimagic broad axe (weapon)
 n - a +0 arbalest
 F - a +2 hand axe of freezing
 O - a cursed +0 hand crossbow
Missiles
 h - 12 tomahawks (quivered)
 w - 6 javelins
 A - 2 silver tomahawks
 P - 39 bolts
Armour
 m - a +0 cloak (worn)
 p - a +0 shield (worn)
 I - a +0 plate armour (worn)
Jewellery
 b - an uncursed ring of protection from cold
 g - an uncursed ring of ice
 l - an amulet of the gourmand (around neck)
 o - an uncursed ring of fire
 q - an uncursed amulet of harm
 y - a ring of poison resistance (left hand)
 U - a ring of positive energy (right hand)
Wands
 G - a wand of lightning (12/15)
Scrolls
 i - a scroll of noise {unknown}
 j - 3 scrolls of fog
 r - 4 scrolls of recharging
 u - 3 scrolls of teleportation
 x - 2 scrolls of magic mapping
 C - a scroll of enchant weapon {unknown}
 H - 2 scrolls of remove curse
 Q - a scroll of enchant armour {unknown}
 R - a scroll of torment {unknown}
 T - a scroll of immolation {unknown}
 W - 2 scrolls of blinking
Potions
 d - 2 potions of might
 e - 3 potions of curing
 f - 4 potions of brilliance
 k - a potion of haste
 v - a potion of berserk rage {unknown}
 z - 3 potions of agility
 B - 2 potions of mutation
 E - a potion of invisibility {unknown}
 J - a potion of heal wounds
 K - a potion of cure mutation {unknown}
 L - a potion of ambrosia {unknown}
 M - a potion of lignification {unknown}
 X - a potion of beneficial mutation {unknown}
Books
 N - a book of Geomancy

   Spells                             Type                      Level
   a - Sandblast                      Earth                        1
   b - Passwall                       Transmutation/Earth          2
   c - Stone Arrow                    Conjuration/Earth            3
   d - Petrify                        Transmutation/Earth          4
   e - Lee's Rapid Deconstruction     Earth                        5
   Trog disapproves of the use of such an item.
Comestibles
 c - 3 bread rations
 s - 4 chunks of flesh
 t - 11 royal jellies
 S - 4 fruits
 V - a meat ration


   Skills:
 + Level 13.2 Fighting
 * Level 13.9 Axes
 + Level 12.9 Armour
 - Level 3.1 Dodging
 + Level 12.3 Shields


You had 11 spell levels left.
You didn't know any spells.

Dungeon Overview and Level Annotations

Branches:
Dungeon (12/15)            Temple (0/1) D:4            Lair (0/6) D:8
    Orc (0/2) D:12

Altars:
Elyvilon
Fedhas
Gozag
Kikubaaqudgha
Qazlal
Uskayaw
Beogh

Shops:
D:4 (


Innate Abilities, Weirdness & Mutations

You reflexively headbutt those who attack you in melee.
You have a pair of large horns on your head.


Message History

The six-headed hydra closely misses you.
You furiously retaliate!
You headbutt the six-headed hydra.
The six-headed hydra bites you but does no damage.
The six-headed hydra bites you.
You block the six-headed hydra's attack. x2
The six-headed hydra barely misses you.
Some of the chunks of flesh in your inventory have rotted away.
The spellbook bursts into flames.
Trog is delighted!
You can now call in reinforcements.
Your skin stops crawling.
You feel less resistant to hostile enchantments.
You block the slime creature's attack.
The six-headed hydra is engulfed in roaring flames.
You block the six-headed hydra's attack.
The six-headed hydra bites you.
The six-headed hydra bites you but does no damage. x2
The six-headed hydra closely misses you. x2
The enormous slime creature hits you!!!
Ouch! That really hurt!
You die...

.......# ######.#
########## #.# #........#
#.# #........# ######.#
#........# ### .......#
#........# .... ######.#
#........#####..... # #.#
#.......J##.....$.. # ###
#......@D.'...<.... #
#######J###........ #
#.##............##
###########.##.#.###JJ....#
............#..#.#
#J......#
..............##.#
........#
.................#
.....##.#
.............##### ......
.# .............#


You could see a six-headed hydra, an enormous slime creature and a slime
creature.

Vanquished Creatures
  Fannar (D:11)
  A hydra (D:11)
  6 two-headed ogres
  A queen ant (D:10)
  Nergalle (D:10)
  The ghost of drasked the Thaumaturge, a novice DEFE of Vehumet (D:9)
  2 unseen horrors (D:10)
  The ghost of TuxedoFelix the Cleaver, a novice MiBe of Trog (D:5)
  2 orc knights
  Pikel (D:4)
  An ugly thing (D:11)
  2 gargoyles
  Joseph (D:7)
  A komodo dragon (D:8)
  A yaktaur (D:11)
  A troll (D:9)
  A queen bee (D:8)
  5 slime creatures (D:12)
  A hippogriff (D:9)
  3 wyverns
  4 yaks (D:9)
  Grum (D:10)
  A steam dragon (D:8)
  2 hungry ghosts
  2 wargs (D:12)
  An acid dragon (D:10)
  13 soldier ants (D:10)
  2 water moccasins
  6 sky beasts
  7 orc warriors
  3 black bears
  A slave (D:4)
  2 phantoms
  A necrophage (D:12)
  7 ice beasts
  8 ogres
  5 centaurs
  3 wolves (D:10)
  3 crocodiles
  A big kobold (D:7)
  11 bullfrogs
  A water moccasin zombie (D:6)
  5 scorpions
  19 killer bees
  11 wights
  3 howler monkeys (D:10)
  8 crimson imps
  5 hounds
  12 orc wizards
  A bullfrog zombie (D:6)
  A centaur zombie (D:9)
  5 jellies
  4 orc priests
  3 centaur skeletons
  A bullfrog skeleton (D:6)
  9 iguanas
  26 worker ants
  A hound zombie (D:8)
  A hound skeleton (D:4)
  A worker ant zombie (D:10)
  16 gnolls
  A howler monkey skeleton (D:6)
  9 adders
  2 shadow imps
  3 oozes
  An adder skeleton (D:8)
  2 worms
  2 dart slugs
  5 leopard geckos
  50 orcs
  3 giant cockroaches
  17 hobgoblins
  13 jackals
  6 quokkas
  9 bats
  7 frilled lizards
  7 goblins
  10 kobolds
  A quokka skeleton (D:4)
  8 rats
407 creatures vanquished.

Vanquished Creatures (collateral kills)
  Gastronok (D:11)
  7 soldier ants (D:10)
  2 orc warriors (D:11)
  An ogre (D:10)
  5 killer bees (D:11)
  4 worker ants (D:10)
  An orc (D:11)
  A hobgoblin (D:10)
22 creatures vanquished.

Vanquished Creatures (others)
  Edmund (D:4)
  3 slaves (D:4)
  An adder (D:4)
  A worm (D:4)
6 creatures vanquished.

Grand Total: 435 creatures vanquished

Notes
Turn   | Place    | Note
-------+----------+-------------------------------------------
     0 | D:1      | TuxedoFelix the Minotaur Berserker began the quest for the Orb.
     0 | D:1      | Reached XP level 1. HP: 19/19 MP: 0/0
   265 | D:1      | Reached XP level 2. HP: 27/27 MP: 1/1
   726 | D:1      | Reached XP level 3. HP: 23/33 MP: 2/2
   778 | D:1      | Reached ** piety under Trog
  1049 | D:2      | Reached XP level 4. HP: 37/40 MP: 3/3
  1955 | D:3      | Reached skill level 5 in Axes
  2072 | D:3      | Reached XP level 5. HP: 39/47 MP: 4/4
  2225 | D:4      | Reached skill level 1 in Shields
  2321 | D:4      | Killed a slave
  2410 | D:4      | Killed Edmund
  2441 | D:4      | Reached skill level 5 in Fighting
  2466 | D:4      | Found an ancient bone altar of Kikubaaqudgha.
  2467 | D:4      | Found a blossoming altar of Fedhas.
  2492 | D:4      | Reached XP level 6. HP: 56/56 MP: 5/5
  2573 | D:4      | Noticed a water moccasin
  2590 | D:4      | Killed a water moccasin
  2634 | D:4      | Killed a slave
  2845 | D:4      | Reached skill level 5 in Armour
  3020 | D:4      | Reached XP level 7. HP: 62/62 MP: 6/6
  3208 | D:4      | Found Wopteusas's Weapon Shop.
  3343 | D:4      | Noticed Pikel
  3359 | D:4      | Killed Pikel
  3359 | D:4      | Reached XP level 8. HP: 73/73 MP: 7/7
  3378 | D:4      | Found a staircase to the Ecumenical Temple.
  3658 | D:4      | Reached skill level 5 in Shields
  3724 | D:5      | Entered Level 5 of the Dungeon
  3745 | D:5      | Noticed TuxedoFelix's ghost (novice MiBe)
  3757 | D:5      | Killed TuxedoFelix's ghost
  4138 | D:5      | Reached *** piety under Trog
  4370 | D:5      | Reached XP level 9. HP: 81/81 MP: 8/8
  4986 | D:6      | Found an opulent altar of Gozag.
  4987 | D:6      | Found a white marble altar of Elyvilon.
  4988 | D:6      | Found a hide-covered altar of Uskayaw.
  5271 | D:6      | Reached **** piety under Trog
  5295 | D:6      | HP: 2/82 [centaur/arrow (8)]
  6448 | D:7      | Noticed Joseph
  6462 | D:7      | Killed Joseph
  6566 | D:7      | Reached XP level 10. HP: 75/91 MP: 9/9
  7288 | D:8      | Noticed a two-headed ogre
  7302 | D:8      | Killed a two-headed ogre
  7302 | D:8      | Reached skill level 10 in Fighting
  7330 | D:8      | Noticed a two-headed ogre
  7359 | D:8      | Killed a two-headed ogre
  7359 | D:8      | Reached skill level 10 in Axes
  7533 | D:8      | Reached skill level 10 in Armour
  8016 | D:8      | Found a staircase to the Lair.
  8029 | D:8      | Reached XP level 11. HP: 100/101 MP: 10/10
  8635 | D:8      | Gained mutation: You are clumsy. (Dex -2) [potion of mutation]
  8635 | D:8      | Lost mutation: You are clumsy. (Dex -2) [potion of mutation]
  8635 | D:8      | Gained mutation: You have a pair of large horns on your head. [potion of mutation]
  8788 | D:8      | Reached skill level 10 in Shields
  9136 | D:9      | Reached ***** piety under Trog
  9182 | D:9      | Noticed a two-headed ogre
  9194 | D:9      | Killed a two-headed ogre
  9956 | D:9      | Noticed drasked's ghost (novice DEFE)
  9983 | D:9      | Killed drasked's ghost
 10269 | D:9      | Found a stormy altar of Qazlal.
 11136 | D:10     | Entered Level 10 of the Dungeon
 11395 | D:10     | Received a gift from Trog
 11499 | D:10     | Noticed a queen ant
 11509 | D:10     | Killed a queen ant
 11754 | D:10     | Noticed Grum
 11776 | D:10     | Reached XP level 12. HP: 113/113 MP: 3/11
 11816 | D:10     | Noticed Nergalle
 11825 | D:10     | Killed Nergalle
 12658 | D:10     | Killed Grum
 12799 | D:10     | Noticed a two-headed ogre
 12804 | D:10     | Killed a two-headed ogre
 12941 | D:11     | Found a roughly hewn altar of Beogh.
 13318 | D:11     | Noticed Gastronok
 13328 | D:11     | Killed Gastronok
 13392 | D:11     | Noticed a two-headed ogre
 13405 | D:11     | Killed a two-headed ogre
 13718 | D:11     | Noticed Fannar
 13719 | D:11     | Noticed a four-headed hydra
 13744 | D:11     | Killed a five-headed hydra
 13765 | D:11     | Killed Fannar
 13873 | D:11     | Noticed a two-headed ogre
 13878 | D:11     | Killed a two-headed ogre
 13969 | D:12     | Found a staircase to the Orcish Mines.
 14523 | D:12     | Noticed a four-headed hydra
 14542 | D:12     | Annihilated by an enormous slime creature

Vault maps used:
D:1:      dpeg_arrival_simpleton_b, minmay_misc_feat_room
D:2:      first_bread, eino_tiny_chamber, hex_tiny
D:3:      kennysheep_generic_room_7
D:4:      grunt_temple_overflow_growth_and_decay, lemuel_temple_firewalk_a,
          serial_shops, kennysheep_little_box, grunt_ministairs_11, uniq_edmund,
          uniq_pikel
D:6:      grunt_temple_overflow_open
D:7:      minmay_unpleasant_kobolds, uniq_joseph
D:8:      erik_lair_dragon, david_nohive_1
D:9:      lemuel_crystal_altar, grunt_ministairs_6, amethyst_killhole,
          st_stairs_9
D:10:     cheibrodos_orc_bank, minivault_29, uniq_nergalle, uniq_grum
D:11:     uniq_fannar, uniq_gastronok
D:12:     minmay_orc_entry_guard_dogs, serial_shops, nicolae_shop_behind_doors,
          kennysheep_small_spiral, uniq_rupert

Skill      XL: |  1  2  3  4  5  6  7  8  9 10 11 12 |
---------------+-------------------------------------+-----
Fighting       | 4 5 7 8 9 10 12 13 | 13.2
Dodging        | 3 |  3.1
Axes           | 4 5 6 7 9 10 12 13 | 13.9
Armour         | 3 4 5 6 7 9 10 11 12 | 12.9
Shields        | 1 2 4 6 8 9 11 12 | 12.3

Action                   |  1- 3 |  4- 6 |  7- 9 | 10-12 || total
-------------------------+-------+-------+-------+-------++-------
Melee: Hand axe          |    59 |   108 |   232 |   453 ||   852
       Headbutt          |    10 |    11 |    35 |   144 ||   200
       Broad axe         |       |       |       |   212 ||   212
Throw: Tomahawk          |       |       |       |    18 ||    18
Invok: Trog's Hand       |     1 |     3 |     8 |    19 ||    31
       Berserk           |     1 |     2 |     7 |    24 ||    34
       Burn Spellbooks   |       |       |     1 |     2 ||     3
       Brothers in Arms  |       |       |       |     6 ||     6
  Use: Potion            |     1 |     3 |     1 |     5 ||    10
       Scroll            |       |     7 |     7 |     4 ||    18
  Eat: Chunk             |       |    10 |     9 |    64 ||    83
       Fruit             |       |     1 |       |       ||     1
       Bread ration      |       |       |     3 |     1 ||     4
       Meat ration       |       |       |       |     2 ||     2
Armor: Animal skin       |     8 |       |       |       ||     8
       Ring mail         |     8 |    25 |    43 |    88 ||   164
       Plate armour      |       |       |       |    48 ||    48
Dodge: Dodged            |    58 |    45 |    45 |   218 ||   366
Block: Shield            |       |    28 |   108 |   398 ||   534
